AoeStats
← J6X16

Arena

510190551Analyzed
3v3 RM · 3d ago on Sep 29, 2026· 63m 11s· 6 players
Game mode
Random Map
Map size
Normal (6 player)
Population
200
Speed
Normal
Resources
Standard
Victory
Conquest
Starting age
Dark Age
Ending age
Imperial Age
RankedLock teamsTeams togetherTeam positionsShared explorationLock speedFull tech treeHidden civsTurbo modeCheats
Victory
Defeat
🇺🇸 Japanese · United States
752
+10
🇧🇾 Spanish · Belarus
556
+18
🇬🇧 Teutons · United Kingdom
535
+19
🇺🇸 Spanish · United States
624
-26
🇺🇸 Ethiopians · United States
615
-16
🇺🇸 Celts · United States
591
-20
PersianStallion
10:22 Feudal Age
11:12 Double-Bit Axe
14:11 Gold Mining
15:38 Horse Collar
20:13 Castle Age
18:51 Stone Mining
21:37 Wheelbarrow
22:42 Stone Shaft Mining
23:21 Heavy Plow
25:33 Hand Cart
30:12 Bow Saw
31:59 Caravan
35:15 Forging
35:05 Scale Mail Armor
35:11 Scale Barding Armor
34:56 Fletching
35:06 Padded Archer Armor
39:40 Imperial Age
37:45 Ballistics
37:18 Guard Tower
42:13 Chemistry
40:59 Arrowslits
41:33 Cavalier
41:51 Elite Skirmisher
44:08 Keep
47:25 Elite Teutonic Knight
48:50 Hoardings
48:39 Ironclad
50:20 Bloodlines
53:21 Paladin
58:26 Masonry
58:08 Heated Shot
58:39 Bombard Tower
58:31 Fortified Wall
58:27 Siege Engineers
58:34 Fortified Wall
61:57 Iron Casting
61:37 Chain Mail Armor
61:43 Chain Barding Armor
61:18 Bodkin Arrow
61:38 Leather Archer Armor
J6X16
7:43 Loom
10:02 Feudal Age
10:34 Horse Collar
10:43 Double-Bit Axe
17:58 Castle Age
16:55 Gold Mining
18:26 Scale Mail Armor
21:36 Wheelbarrow
20:47 Town Watch
27:03 Forging
28:32 Bow Saw
28:47 Heavy Plow
32:05 Imperial Age
29:15 Elite Skirmisher
30:36 Hand Cart
31:20 Crossbowman
32:05 Thumb Ring
31:37 Pikeman
32:19 Squires
32:04 Gambesons
32:32 Capped Ram
32:39 Man-at-Arms
35:53 Chain Mail Armor
36:14 Iron Casting
35:10 Long Swordsman
35:48 Arson
36:13 Fletching
36:31 Town Patrol
38:57 Kataparuto
38:45 Halberdier
38:46 Two-Handed Swordsman
46:15 Bodkin Arrow
49:50 Plate Mail Armor
49:50 Arbalester
50:14 Heavy Scorpion
59:25 Champion
62:07 Bracer
62:07 Padded Archer Armor
63:09 Blast Furnace
aaa
9:16 Feudal Age
11:20 Double-Bit Axe
22:09 Castle Age
19:56 Horse Collar
20:09 Gold Mining
20:18 Stone Mining
33:12 Imperial Age
31:56 Heavy Plow
39:40 Chemistry
38:13 Pikeman
38:39 Gambesons
40:25 Bow Saw
40:06 Halberdier
50:40 Scale Barding Armor
50:36 Scale Mail Armor
50:48 Forging
57:55 Chain Barding Armor
Matt from Wii boxing
9:44 Feudal Age
24:41 Castle Age
Squire
12:13 Feudal Age
12:38 Horse Collar
13:51 Wheelbarrow
13:32 Double-Bit Axe
19:57 Town Watch
21:05 Forging
20:55 Scale Mail Armor
21:00 Scale Barding Armor
20:48 Gold Mining
20:49 Man-at-Arms
24:15 Castle Age
22:22 Padded Archer Armor
23:46 Stone Mining
24:25 Long Swordsman
24:51 Gambesons
28:32 Hand Cart
29:59 Bow Saw
31:17 Caravan
31:36 Heavy Plow
44:02 Leather Archer Armor
44:03 Chain Mail Armor
44:08 Chain Barding Armor
44:23 Iron Casting
43:39 Fletching
45:56 Ballistics
46:37 Gold Shaft Mining
46:38 Stone Shaft Mining
46:49 Stone Shaft Mining
55:52 Imperial Age
53:34 Husbandry
57:08 Heavy Scorpion
57:10 Onager
57:36 Cavalier
61:04 Chemistry
Nacho
10:50 Feudal Age
11:17 Double-Bit Axe
12:17 Wheelbarrow
17:26 Castle Age
16:52 Horse Collar
18:29 Fletching
19:09 Gold Mining
19:30 Bow Saw
20:11 Stone Mining
21:09 Gold Shaft Mining
21:58 Stone Shaft Mining
21:55 Heavy Plow
24:07 Crossbowman
31:04 Imperial Age
29:46 Thumb Ring
29:53 Elite Skirmisher
31:55 Ballistics
32:34 Conscription
33:34 Hand Cart
33:33 Guilds
34:41 Elite Shotel Warrior
37:07 Two-Man Saw
36:41 Onager
38:02 Bodkin Arrow
38:07 Padded Archer Armor
38:19 Forging
38:09 Scale Mail Armor
39:38 Torsion Engines
42:23 Bracer
42:38 Leather Archer Armor
53:02 Ring Archer Armor
53:55 Chemistry
55:00 Iron Casting
Connection lost

Rejoining the realm…

Still unreachable

The connection could not be restored.

Session expired

The server has moved on; the page needs a fresh start.